| TOP OF THE 1ST |
|
Springfield Cardinals batting - Pitching for Colorado (EL) Rockies : RHP Danny Rasdall
|
|
Pitching: RHP Danny Rasdall
|
|
|
Batting: RHB Rick O'Reilly
|
0-0: Ball 1-0: SINGLE (Line Drive, 4D, EV 98.1 MPH)
|
|
Batting: SHB Bobby O'Leary
|
0-0: Called Strike 0-1: Called Strike Rick O'Reilly is caught stealing 2nd base 2-6 0-2: Strikes out looking
|
|
Batting: LHB Ichiro Toyota
|
0-0: Called Strike 0-1: Ball 1-1: Called Strike 1-2: Strikes out looking
|
| Top of the 1st over - 0 runs, 1 hit, 0 errors, 0 left on base; Springfield 0 - Colorado (EL) 0 |
| BOTTOM OF THE 1ST |
|
Colorado (EL) Rockies batting - Pitching for Springfield Cardinals : RHP Rafael Montano
|
|
Pitching: RHP Rafael Montano
|
|
|
Batting: RHB Bodil Hardenberg
|
0-0: SINGLE (Flyball, 4D, EV 83.8 MPH)
|
|
Batting: RHB Steve Waltenbery
|
0-0: Ball 1-0: Ball 2-0: Foul Ball, location: 2F 2-1: Called Strike Bodil Hardenberg steals 2nd base 2-2: Foul Ball, location: 2F 2-2: Ground out U3 (Groundball, 34S, EV 85.0 MPH) Bodil Hardenberg to third
|
|
Batting: RHB Henry Alvizo
|
0-0: Foul Ball, location: 2F 0-1: Ball Wild Pitch! Bodil Hardenberg scores 1-1: Ball 2-1: Ball 3-1: Fly out, F8 (Flyball, 8RS, EV 93.1 MPH)
|
|
Batting: RHB Mike Manchester
|
0-0: Foul Ball, location: 2F 0-1: Swinging Strike 0-2: Ball 1-2: Strikes out swinging
|
| Bottom of the 1st over - 1 run, 1 hit, 0 errors, 0 left on base; Springfield 0 - Colorado (EL) 1 |
| TOP OF THE 2ND |
|
Springfield Cardinals batting - Pitching for Colorado (EL) Rockies : RHP Danny Rasdall
|
|
Batting: RHB Mark Marks
|
0-0: Ball 1-0: Ground out 4-3 (Groundball, 4, EV 103.8 MPH)
|
|
Batting: RHB Mark Cahill
|
0-0: Ground out 6-3 (Groundball, 6, EV 83.1 MPH)
|
|
Batting: SHB Jason Kirby
|
0-0: Foul Ball, location: 2F 0-1: Swinging Strike 0-2: Foul Ball, location: 2F 0-2: Strikes out swinging
|
| Top of the 2nd over - 0 runs, 0 hits, 0 errors, 0 left on base; Springfield 0 - Colorado (EL) 1 |
| BOTTOM OF THE 2ND |
|
Colorado (EL) Rockies batting - Pitching for Springfield Cardinals : RHP Rafael Montano
|
|
Batting: LHB Roy Riess
|
0-0: Foul Ball, location: 2F 0-1: Swinging Strike 0-2: Foul Ball, location: 2F 0-2: Strikes out looking
|
|
Batting: LHB Ryan Rodgers
|
0-0: Ball 1-0: Called Strike 1-1: Hit by Pitch
|
|
Batting: RHB Max Schellekens
|
0-0: Called Strike 0-1: Ball 1-1: Ball 2-1: Foul Ball, location: 2F 2-2: Foul Ball, location: 2F 2-2: Strikes out swinging
|
|
Batting: RHB Matt Fabre
|
0-0: Swinging Strike 0-1: Called Strike 0-2: Ball 1-2: Foul Ball, location: 2F 1-2: Ball 2-2: Foul Ball, location: 2F 2-2: Strikes out looking
|
| Bottom of the 2nd over - 0 runs, 0 hits, 0 errors, 1 left on base; Springfield 0 - Colorado (EL) 1 |
| TOP OF THE 3RD |
|
Springfield Cardinals batting - Pitching for Colorado (EL) Rockies : RHP Danny Rasdall
|
|
Batting: LHB Adam Eisen
|
0-0: Called Strike 0-1: SINGLE (Flyball, 9S, EV 91.9 MPH)
|
|
Batting: RHB Josh Broome
|
0-0: Called Strike 0-1: Swinging Strike 0-2: Strikes out swinging
|
|
Batting: LHB Yeong-hun Joe
|
0-0: Foul Ball, location: 2F 0-1: Ball 1-1: Called Strike Adam Eisen steals 2nd base (no throw) 1-2: Ground out 4-3 (Groundball, 4MD, EV 101.2 MPH) Adam Eisen to third
|
|
Batting: RHB Rick O'Reilly
|
0-0: Ball 1-0: Swinging Strike 1-1: Swinging Strike 1-2: Ball 2-2: Ball 3-2: Strikes out swinging
|
| Top of the 3rd over - 0 runs, 1 hit, 0 errors, 1 left on base; Springfield 0 - Colorado (EL) 1 |
| BOTTOM OF THE 3RD |
|
Colorado (EL) Rockies batting - Pitching for Springfield Cardinals : RHP Rafael Montano
|
|
Batting: SHB Malik Whitted
|
0-0: Swinging Strike 0-1: Ball 1-1: Foul Ball, location: 2F 1-2: Ball 2-2: Foul Ball, location: 2F 2-2: Strikes out swinging
|
|
Batting: RHB Bodil Hardenberg
|
0-0: Ball 1-0: Ball 2-0: SINGLE (Groundball, 56D, EV 102.5 MPH)
|
|
Batting: RHB Steve Waltenbery
|
0-0: Called Strike 0-1: Ball 1-1: Called Strike 1-2: Ball 2-2: Fly out, F9 (Flyball, 9LSF, EV 65.6 MPH)
|
|
Batting: RHB Henry Alvizo
|
0-0: Ball Bodil Hardenberg steals 2nd base (no throw) 1-0: Foul Ball, location: 2F 1-1: SINGLE (Line Drive, 89M, EV 99.4 MPH) Bodil Hardenberg to third Runner from 3rd tries for Home, SAFE, throw by RF to home
|
|
Batting: RHB Mike Manchester
|
0-0: Ball 1-0: Called Strike 1-1: Called Strike 1-2: Foul Ball, location: 2F 1-2: Strikes out looking
|
| Bottom of the 3rd over - 1 run, 2 hits, 0 errors, 1 left on base; Springfield 0 - Colorado (EL) 2 |
| TOP OF THE 4TH |
|
Springfield Cardinals batting - Pitching for Colorado (EL) Rockies : RHP Danny Rasdall
|
|
Batting: SHB Bobby O'Leary
|
0-0: Called Strike 0-1: Ball 1-1: Ball 2-1: Foul Ball, location: 2F 2-2: Ground out 4-3 (Groundball, 4M, EV 83.1 MPH)
|
|
Batting: LHB Ichiro Toyota
|
0-0: Called Strike 0-1: Ball 1-1: Foul Ball, location: 2F 1-2: SINGLE (Flyball, 78M, EV 97.5 MPH)
|
|
Batting: RHB Mark Marks
|
0-0: Ball Ichiro Toyota steals 2nd base 1-0: Called Strike 1-1: Swinging Strike 1-2: Strikes out swinging
|
|
Batting: RHB Mark Cahill
|
0-0: Foul Ball, location: 2F 0-1: Ball 1-1: Swinging Strike 1-2: Ground out 6-3 (Groundball, 6, EV 88.1 MPH)
|
| Top of the 4th over - 0 runs, 1 hit, 0 errors, 1 left on base; Springfield 0 - Colorado (EL) 2 |
| BOTTOM OF THE 4TH |
|
Colorado (EL) Rockies batting - Pitching for Springfield Cardinals : RHP Rafael Montano
|
|
Batting: LHB Roy Riess
|
0-0: Ball 1-0: Swinging Strike 1-1: Swinging Strike 1-2: Strikes out swinging
|
|
Batting: LHB Ryan Rodgers
|
0-0: Ball 1-0: Ball 2-0: Called Strike 2-1: Ground out 4-3 (Groundball, 4, EV 97.5 MPH)
|
|
Batting: RHB Max Schellekens
|
0-0: Called Strike 0-1: Called Strike 0-2: Foul Ball, location: 2F 0-2: Ball 1-2: Foul Ball, location: 2F 1-2: Ball 2-2: Fly out, F9 (Flyball, 9D, EV 95.6 MPH)
|
| Bottom of the 4th over - 0 runs, 0 hits, 0 errors, 0 left on base; Springfield 0 - Colorado (EL) 2 |
| TOP OF THE 5TH |
|
Springfield Cardinals batting - Pitching for Colorado (EL) Rockies : RHP Danny Rasdall
|
|
Batting: SHB Jason Kirby
|
0-0: SINGLE (Groundball, 34D, EV 108.8 MPH)
|
|
Batting: LHB Adam Eisen
|
0-0: Foul Ball, location: 2F 0-1: Called Strike 0-2: Ball 1-2: Strikes out swinging
|
|
Batting: RHB Josh Broome
|
0-0: Ball 1-0: Reached on error, E5 (Groundball, 56, EV 78.1 MPH) Jason Kirby to second
|
|
Batting: LHB Yeong-hun Joe
|
0-0: Ball 1-0: Swinging Strike 1-1: Fielders Choice at 2nd, 5-4 (Groundball, 56S, EV 80.0 MPH) Jason Kirby to third
|
|
Batting: RHB Rick O'Reilly
|
0-0: Foul Ball, location: 2F 0-1: Ball 1-1: Ball 2-1: Ball 3-1: Fly out, F9 (Flyball, 89M, EV 81.9 MPH)
|
| Top of the 5th over - 0 runs, 1 hit, 1 error, 2 left on base; Springfield 0 - Colorado (EL) 2 |
| BOTTOM OF THE 5TH |
|
Colorado (EL) Rockies batting - Pitching for Springfield Cardinals : RHP Rafael Montano
|
|
Batting: RHB Matt Fabre
|
0-0: Fly out, F5 (Line Drive, 56, EV 69.4 MPH)
|
|
Batting: SHB Malik Whitted
|
0-0: Ball 1-0: Called Strike 1-1: Called Strike 1-2: Foul Ball, location: 2F 1-2: Foul Ball, location: 2F 1-2: Ball 2-2: Ball 3-2: Base on Balls
|
|
Batting: RHB Bodil Hardenberg
|
0-0: Swinging Strike 0-1: Swinging Strike 0-2: Ball 1-2: Ball 2-2: Ball 3-2: Foul Ball, location: 2F 3-2: Fly out, F7 (Line Drive, 78M, EV 104.4 MPH)
|
|
Batting: RHB Steve Waltenbery
|
0-0: Ball 1-0: Foul Ball, location: 2F 1-1: Ball 2-1: Called Strike 2-2: Ball 3-2: Ground out 5-3 (Groundball, 56S, EV 66.9 MPH)
|
| Bottom of the 5th over - 0 runs, 0 hits, 0 errors, 1 left on base; Springfield 0 - Colorado (EL) 2 |
| TOP OF THE 6TH |
|
Springfield Cardinals batting - Pitching for Colorado (EL) Rockies : RHP Danny Rasdall
|
|
Batting: SHB Bobby O'Leary
|
0-0: Called Strike 0-1: Ball 1-1: Swinging Strike 1-2: Strikes out swinging
|
|
Pitching: LHP Jim McCutcheon
|
|
|
Batting: LHB Ichiro Toyota
|
0-0: Foul Ball, location: 2F 0-1: Ball 1-1: Ground out 3-1 (Groundball, 34S, EV 85.0 MPH)
|
|
Batting: RHB Mark Marks
|
0-0: Ball 1-0: Ball 2-0: Foul Ball, location: 2F 2-1: Foul Ball, location: 2F 2-2: Fly out, F6 (Line Drive, 6, EV 71.2 MPH)
|
| Top of the 6th over - 0 runs, 0 hits, 0 errors, 0 left on base; Springfield 0 - Colorado (EL) 2 |
| BOTTOM OF THE 6TH |
|
Colorado (EL) Rockies batting - Pitching for Springfield Cardinals : RHP Rafael Montano
|
|
Pitching: LHP Carlos Salcido
|
|
|
Batting: RHB Henry Alvizo
|
0-0: Ball 1-0: Called Strike 1-1: Foul Ball, location: 2F 1-2: Strikes out swinging
|
|
Batting: RHB Mike Manchester
|
0-0: Ball 1-0: Called Strike 1-1: Ball 2-1: Swinging Strike 2-2: Ball 3-2: Foul Ball, location: 2F 3-2: Strikes out swinging
|
|
Batting: LHB Roy Riess
|
0-0: Swinging Strike 0-1: Foul Ball, location: 2F 0-2: Strikes out swinging, 2-3 out at first.
|
| Bottom of the 6th over - 0 runs, 0 hits, 0 errors, 0 left on base; Springfield 0 - Colorado (EL) 2 |
| TOP OF THE 7TH |
|
Springfield Cardinals batting - Pitching for Colorado (EL) Rockies : LHP Jim McCutcheon
|
|
Pitching: RHP Corey Dalton
|
|
|
Batting: RHB Mark Cahill
|
0-0: Ball 1-0: Ball 2-0: Ball 3-0: Called Strike 3-1: Base on Balls
|
|
Batting: SHB Jason Kirby
|
0-0: SINGLE (Groundball, 3S, EV 65.6 MPH) (infield hit) Mark Cahill to second
|
|
Batting: LHB Adam Eisen
|
0-0: Sac Bunt to 15 - play at first, batter OUT! 1-3 Mark Cahill to third Jason Kirby to second
|
|
Batting: RHB Josh Broome
|
0-0: Foul Ball, location: 2F 0-1: Ball 1-1: Called Strike 1-2: Ball 2-2: Ball 3-2: Base on Balls
|
|
Batting: LHB Yeong-hun Joe
|
0-0: SINGLE (Groundball, 6M, EV 97.5 MPH) Mark Cahill scores Jason Kirby to third Josh Broome to second
|
|
Batting: RHB Rick O'Reilly
|
0-0: Called Strike 0-1: Called Strike 0-2: Ball 1-2: Ball 2-2: Grounds into fielders choice 5-2 (Groundball, 25, EV 71.2 MPH) Josh Broome to third Yeong-hun Joe to second
|
|
Batting: SHB Bobby O'Leary
|
0-0: Foul Ball, location: 2F 0-1: Swinging Strike 0-2: Ball 1-2: Foul Ball, location: 2F 1-2: SINGLE (Line Drive, 7S, EV 98.1 MPH) Josh Broome scores Yeong-hun Joe to third Rick O'Reilly to second Runner from 3rd tries for Home, SAFE, throw by LF to home
|
|
Batting: LHB Ichiro Toyota
|
0-0: Ball 1-0: Ground out 4-3 (Groundball, 4S, EV 90.0 MPH)
|
| Top of the 7th over - 3 runs, 3 hits, 0 errors, 2 left on base; Springfield 3 - Colorado (EL) 2 |
| BOTTOM OF THE 7TH |
|
Colorado (EL) Rockies batting - Pitching for Springfield Cardinals : LHP Carlos Salcido
|
|
Batting: LHB Ryan Rodgers
|
0-0: Fly out, F8 (Line Drive, 8LD, EV 87.5 MPH)
|
|
Batting: RHB Max Schellekens
|
0-0: Ball 1-0: Fly out, F4 (Line Drive, 4, EV 74.4 MPH)
|
|
Batting: RHB Matt Fabre
|
0-0: Called Strike 0-1: Swinging Strike 0-2: Ball 1-2: Foul Ball, location: 2F 1-2: Ball 2-2: Foul Ball, location: 2F 2-2: Ball 3-2: Foul Ball, location: 2F 3-2: Foul Ball, location: 2F 3-2: Strikes out looking
|
| Bottom of the 7th over - 0 runs, 0 hits, 0 errors, 0 left on base; Springfield 3 - Colorado (EL) 2 |
| TOP OF THE 8TH |
|
Springfield Cardinals batting - Pitching for Colorado (EL) Rockies : RHP Corey Dalton
|
|
Pitching: RHP Ronnie DeVries
|
|
|
Batting: RHB Mark Marks
|
0-0: SINGLE (Groundball, 4MD, EV 97.5 MPH)
|
|
Batting: RHB Mark Cahill
|
0-0: Fielders Choice at 2nd, 4-6 (Groundball, 4D, EV 90.0 MPH)
|
|
Batting: SHB Jason Kirby
|
0-0: Called Strike 0-1: DOUBLE (Line Drive, 89D, EV 102.5 MPH) Mark Cahill to third
|
|
Batting: LHB Adam Eisen
|
0-0: Intentional Walk
|
|
Batting: RHB Josh Broome
|
0-0: Ball 1-0: Grounds into fielders choice 6-2 (Groundball, 6, EV 86.2 MPH) Jason Kirby to third Adam Eisen to second
|
|
Batting: LHB Yeong-hun Joe
|
0-0: Ball 1-0: SINGLE (Flyball, 8RS, EV 85.0 MPH) Jason Kirby scores Adam Eisen to third Josh Broome to second Throwing error, E8 Adam Eisen scores Josh Broome to third Yeong-hun Joe to second
|
|
Batting: RHB Rick O'Reilly
|
0-0: Swinging Strike 0-1: Foul Ball, location: 2F 0-2: Ball 1-2: Foul Ball, location: 2F 1-2: Ball 2-2: Strikes out looking
|
| Top of the 8th over - 2 runs, 3 hits, 1 error, 2 left on base; Springfield 5 - Colorado (EL) 2 |
| BOTTOM OF THE 8TH |
|
Colorado (EL) Rockies batting - Pitching for Springfield Cardinals : LHP Carlos Salcido
|
|
Pitching: RHP Ben Cook
|
|
|
Batting: SHB Malik Whitted
|
0-0: Swinging Strike 0-1: Ball 1-1: Foul Ball, location: 2F 1-2: DOUBLE (Groundball, 5L, EV 99.4 MPH)
|
|
Batting: RHB Bodil Hardenberg
|
0-0: Reached on error, E4 (Groundball, 4, EV 84.4 MPH) Malik Whitted scores
|
|
Batting: RHB Steve Waltenbery
|
0-0: Ball Wild Pitch! Bodil Hardenberg to third 1-0: Called Strike 1-1: Called Strike 1-2: Ball 2-2: Ball 3-2: Strikes out looking
|
|
Batting: RHB Henry Alvizo
|
0-0: Ball 1-0: Ball 2-0: Ball 3-0: Base on Balls
|
|
Batting: RHB Mike Manchester
|
0-0: Ball 1-0: Foul Ball, location: 2F 1-1: Ground out 5-3 (Groundball, 6S, EV 89.4 MPH) Henry Alvizo to second
|
|
Batting: LHB Roy Riess
|
0-0: Called Strike 0-1: Ball 1-1: Ball 2-1: Foul Ball, location: 2F 2-2: SINGLE (Groundball, 6MD, EV 86.9 MPH) (infield hit) Bodil Hardenberg scores Henry Alvizo to third
|
|
Batting: LHB Ryan Rodgers
|
0-0: Ball 1-0: Foul Ball, location: 2F 1-1: Ground out 4-3 (Groundball, 4, EV 83.1 MPH)
|
| Bottom of the 8th over - 2 runs, 2 hits, 1 error, 2 left on base; Springfield 5 - Colorado (EL) 4 |
| TOP OF THE 9TH |
|
Springfield Cardinals batting - Pitching for Colorado (EL) Rockies : RHP Ronnie DeVries
|
|
Pitching: RHP Javier Leon
|
|
|
Batting: SHB Bobby O'Leary
|
0-0: Ball 1-0: Foul Ball, location: 2F 1-1: Foul Ball, location: 2F 1-2: Strikes out swinging
|
|
Batting: LHB Ichiro Toyota
|
0-0: Called Strike 0-1: Ball 1-1: Foul Ball, location: 2F 1-2: Strikes out swinging
|
|
Batting: RHB Mark Marks
|
0-0: Called Strike 0-1: Ball 1-1: Ball 2-1: Ball 3-1: Base on Balls
|
|
Batting: RHB Mark Cahill
|
0-0: Called Strike 0-1: Foul Ball, location: 2F 0-2: Strikes out swinging
|
| Top of the 9th over - 0 runs, 0 hits, 0 errors, 1 left on base; Springfield 5 - Colorado (EL) 4 |
| BOTTOM OF THE 9TH |
|
Colorado (EL) Rockies batting - Pitching for Springfield Cardinals : RHP Ben Cook
|
|
Pitching: RHP Mike Pemble
|
|
|
Batting: RHB Max Schellekens
|
0-0: Ball 1-0: Ball 2-0: Called Strike 2-1: Ball 3-1: Fly out, F7 (Line Drive, 7, EV 111.9 MPH)
|
|
Batting: RHB Matt Fabre
|
0-0: Foul Ball, location: 2F 0-1: Ground out 6-3 (Groundball, 56S, EV 61.2 MPH)
|
|
Batting: SHB Malik Whitted
|
0-0: Swinging Strike 0-1: Foul Ball, location: 2F 0-2: Strikes out swinging
|
| Bottom of the 9th over - 0 runs, 0 hits, 0 errors, 0 left on base; Springfield 5 - Colorado (EL) 4 |
|